 Dungeon Crawl Stone Soup version 0.29.0-4-gdea44cf6ec (webtiles) character file.

Game seed: 8519110513734177968

228 qw the Ruffian (level 6, -6/48 HPs)
             Began as a Ghoul Fire Elementalist on Aug 29, 2022.
             Splashed by a jelly's acid (8 damage)
             ... on level 3 of the Dungeon.
             The game lasted 00:03:19 (3443 turns).

qw the Ruffian (Ghoul Fire Elementalist)            Turns: 3443, Time: 00:03:20

Health: -6/48      AC: -2    Str: 13 (14) XL:     6   Next: 2%
Magic:  7/7        EV: 11    Int:  9 (10) God:
Gold:   217        SH:  0    Dex:  9      Spells: 7/8 levels left

rFire   . . .      SeeInvis .     - Unarmed
rCold   + . .      Faith    .   (no shield)
rNeg    + + +      Spirit   .   k - +0 leather armour
rPois   inf        Reflect  .   h - +0 helmet
rElec   .          Harm     .   (no cloak)
rCorr   .          Rampage  .   a - +0 pair of gloves
Will    .....                   j - +0 pair of boots
Stlth   +.........              (no amulet)
HPRegen 0.00/turn               (no ring)
MPRegen 0.10/turn               (no ring)

@: corroded, inhibited regen
A: claws 1, cold resistance 1, negative energy resistance 3, inhibited
regeneration, torment resistance 2, devour on kill
a: no special abilities


You were on level 3 of the Dungeon.
You visited 1 branch of the dungeon, and saw 3 of its levels.

You collected 217 gold pieces.


Innate Abilities, Weirdness & Mutations

You are immune to poison.
You have sharp fingernails.
Your flesh is cold resistant. (rC+)
You are immune to negative energy. (rN+++)
You do not regenerate when monsters are visible.
You are immune to unholy pain and torment.
You thrive by killing the living.


   Skills:
 - Level 2.1 Fighting
 - Level 1.7 Dodging
 - Level 2.1 Stealth
 + Level 5.6 Unarmed Combat
 - Level 1.7 Spellcasting
 - Level 0.7 Conjurations
 - Level 2.4 Fire Magic


You had 7 spell levels left.
You knew the following spells:

 Your Spells              Type           Power      Damage    Failure   Level
a - Foxfire               Conj/Fire      12%        2x1d4     22%         1

Your spell library contained the following spells:

 Spells                   Type           Power      Damage    Failure   Level
 Scorch                   Fire           10%        2d5       24%         2
 Conjure Flame            Conj/Fire      3%         6-21      56%         3
 Inner Flame              Hex/Fire       2%         N/A       63%         3
 Flame Wave               Conj/Fire      3%         2d5       92%         4

Inventory:

Armour
 a - a +0 pair of gloves (worn)
 b - a +0 ring mail
 e - a +0 cloak
 h - a +0 helmet (worn)
 j - a +0 pair of boots (worn)
 k - a +0 leather armour (worn)
Scrolls
 d - a scroll of silence {unknown}
 g - 3 scrolls of identify
Potions
 i - 4 potions of curing {unknown}

Dungeon Overview and Level Annotations

Branches:
Dungeon (3/15)

Altars:
Makhleb
Xom

Shops:
D:1 :


Message History

The jelly misses you.
You hit the jelly.
Your hands burn!
The jelly is lightly wounded.
The jelly closely misses you.
You hit the jelly.
Your hands burn!
The jelly is lightly wounded.
The jelly closely misses you.
You hit the jelly.
Your hands burn!
The jelly is moderately wounded.
The jelly hits you.
You are splashed with acid.
You hit the jelly.
Your hands burn!
The jelly is heavily wounded.
The jelly hits you but does no damage.
You barely miss the jelly.
The jelly is heavily wounded.
The jelly hits you but does no damage.
You hit the jelly.
Your hands burn!
The jelly is heavily wounded.
The jelly hits you but does no damage.
You hit the jelly.
Your hands burn!
Your punch misses the jelly.
The jelly is severely wounded.
You hit the jelly. The acid corrodes you!
Your hands burn!
The jelly is severely wounded.
The jelly misses you.
You hit the jelly.
Your hands burn!
The jelly is almost dead.
The jelly hits you.
You are splashed with acid.
3440 ||| DRINKING potion of heal wounds.
You feel much better. The jelly hits you.
You are splashed with acid!
You hit the jelly.
Your hands burn!
The jelly is almost dead.
The jelly hits you but does no damage.
You hit the jelly but do no damage. The acid corrodes you!
Your hands burn!
The jelly is almost dead.
The jelly hits you.
You are splashed with acid!
You hit the jelly but do no damage.
Your hands burn!
The jelly is almost dead.
The jelly hits you. The acid corrodes you!
You are splashed with acid!
You die...

... #.. #.# ########
#.# #......# #.#
#......# #.#
#.#......# #J#
#.#....!.# #@# ##
#.#[.....###.### ...
#..............#
##.##.##+####.##.#.#
..<....#.# #.##.#.#
.#..#....# #.##...#
.........####.#######
.##.#.#....##.%.....#
.##.#....#.##.#####.#


You could see a jelly.

Vanquished Creatures
  A scorpion (D:3)
  A jelly (D:3)
  Robin (D:2)
  3 adders (D:2)
  2 worms (D:3)
  A dart slug (D:1)
  An orc (D:3)
  6 ball pythons
  11 bats
  7 endoplasms
  4 giant cockroaches
  14 goblins
  10 hobgoblins
  9 kobolds
  A quokka (D:1)
  5 frilled lizards
  6 rats
83 creatures vanquished.

Notes
Turn   | Place    | Note
-------+----------+-------------------------------------------
     0 | D:1      | qw the Ghoul Fire Elementalist began the quest for the Orb.
     0 | D:1      | Reached XP level 1. HP: 14/14 MP: 2/2
     0 | D:1      | 0 ||| qw: Version: 0.1-a-90-g952f4b7
     0 | D:1      | 0 ||| qw: Game counter: 3681
     0 | D:1      | 0 ||| qw: Always use a shield: true
     0 | D:1      | 0 ||| qw: God list: Okawaru
     0 | D:1      | 0 ||| qw: Allow faded altars: false
     0 | D:1      | 0 ||| qw: Do Orc after D:15 true
     0 | D:1      | 0 ||| qw: Do second Lair branch before Depths: true
     0 | D:1      | 0 ||| qw: Lair rune preference: random
     0 | D:1      | 0 ||| qw: Plans: Normal
     0 | D:1      | 0 ||| PLANNING D:1-11
   237 | D:1      | Reached skill level 1 in Unarmed Combat
   256 | D:1      | Reached XP level 2. HP: 13/22 MP: 3/3
   434 | D:1      | Reached skill level 1 in Fighting
   584 | D:1      | 584 ||| Stepping ~*~*~tactically~*~*~ (stealth).
   586 | D:1      | 586 ||| Stepping ~*~*~tactically~*~*~ (stealth).
   589 | D:1      | 589 ||| Stepping ~*~*~tactically~*~*~ (stealth).
   590 | D:1      | 590 ||| Stepping ~*~*~tactically~*~*~ (stealth).
   599 | D:1      | 599 ||| Stepping ~*~*~tactically~*~*~ (stealth).
   606 | D:1      | 606 ||| Stepping ~*~*~tactically~*~*~ (stealth).
   711 | D:1      | Reached skill level 2 in Unarmed Combat
   734 | D:1      | Found a faded altar of an unknown god.
   847 | D:1      | Reached XP level 3. HP: 28/28 MP: 4/4
  1102 | D:1      | Found Fein Fyesat's Vocational Training.
  1103 | D:1      | 1103 ||| Stepping ~*~*~tactically~*~*~ (hiding).
  1598 | D:1      | 1598 ||| UPGRADING to +0 pair of boots.
  1603 | D:1      | 1603 ||| UPGRADING to +0 leather armour.
  1613 | D:1      | 1613 ||| DROPPING +0 robe.
  1614 | D:1      | 1614 ||| READING 2 scrolls labelled LEEPEGA OQUES.
  1618 | D:1      | 1618 ||| READING 2 scrolls labelled KENNUL VIBB.
  1619 | D:1      | 1619 ||| READING scroll labelled QAGAEVVA KAPIDD.
  1620 | D:1      | 1620 ||| READING scroll labelled WOC DAQ HAEM.
  1621 | D:1      | 1621 ||| READING scroll labelled RYKAAHOWUOTS.
  1622 | D:1      | 1622 ||| DROPPING potion of magic.
  1643 | D:2      | Noticed Robin
  1644 | D:2      | 1644 ||| STAIRDANCE
  1648 | D:1      | Reached skill level 3 in Unarmed Combat
  1650 | D:2      | 1650 ||| STAIRDANCE
  1654 | D:1      | 1654 ||| Stepping ~*~*~tactically~*~*~ (outnumbered).
  1655 | D:1      | 1655 ||| Stepping ~*~*~tactically~*~*~ (outnumbered).
  1659 | D:1      | HP: 6/28 [goblin/+0 club[Robin] (4)]
  1660 | D:1      | 1660 ||| READING scroll of teleportation.
  1662 | D:1      | HP: 2/28 [goblin/+0 club[Robin] (2)]
  1957 | D:2      | 1957 ||| STAIRDANCE
  2021 | D:2      | 2021 ||| Stepping ~*~*~tactically~*~*~ (stealth).
  2044 | D:2      | Reached XP level 4. HP: 21/35 MP: 5/5
  2188 | D:2      | Found a shimmering altar of Xom.
  2221 | D:2      | 2221 ||| Stepping ~*~*~tactically~*~*~ (stealth).
  2224 | D:2      | 2224 ||| Stepping ~*~*~tactically~*~*~ (stealth).
  2232 | D:2      | 2232 ||| Stepping ~*~*~tactically~*~*~ (stealth).
  2234 | D:2      | 2234 ||| Stepping ~*~*~tactically~*~*~ (stealth).
  2243 | D:2      | Killed Robin
  2244 | D:2      | Reached skill level 4 in Unarmed Combat
  2349 | D:2      | 2349 ||| FLEEEEING.
  2354 | D:2      | 2354 ||| FLEEEEING.
  2616 | D:2      | Reached XP level 5. HP: 34/41 MP: 6/6
  2711 | D:2      | 2711 ||| Stepping ~*~*~tactically~*~*~ (stealth).
  2779 | D:2      | 2779 ||| UPGRADING to +0 pair of gloves.
  2784 | D:2      | 2784 ||| UPGRADING to +0 helmet.
  2789 | D:2      | 2789 ||| DROPPING ring of flight.
  2790 | D:2      | 2790 ||| READING scroll labelled WIFUUFEPSO.
  2791 | D:2      | 2791 ||| DRINKING 2 golden potions.
  2792 | D:2      | 2792 ||| DRINKING 2 fizzy pink potions.
  2793 | D:2      | 2793 ||| READING 2 scrolls of identify.
  2793 | D:2      | 2793 ||| IDENTIFYING silvery potion
  2794 | D:2      | 2794 ||| DROPPING potion of lignification.
  2795 | D:2      | 2795 ||| DROPPING potion of degeneration.
  2840 | D:3      | 2840 ||| Stepping ~*~*~tactically~*~*~ (outnumbered).
  3076 | D:3      | Reached skill level 5 in Unarmed Combat
  3197 | D:3      | Found a shimmering altar of Xom.
  3210 | D:3      | 3210 ||| Stepping ~*~*~tactically~*~*~ (stealth).
  3245 | D:3      | Found a burning altar of Makhleb.
  3309 | D:3      | Reached XP level 6. HP: 48/48 MP: 7/7
  3354 | D:3      | 3354 ||| Stepping ~*~*~tactically~*~*~ (stealth).
  3355 | D:3      | 3355 ||| Stepping ~*~*~tactically~*~*~ (stealth).
  3439 | D:3      | HP: 12/48 [jelly (2)]
  3440 | D:3      | 3440 ||| DRINKING potion of heal wounds.
  3443 | D:3      | HP: 5/48 [acid (1)]
  3443 | D:3      | HP: 2/48 [jelly (3)]
  3443 | D:3      | Splashed by a jelly's acid

Levels and vault maps discovered:
D:1:      ncdulo_halloftheorcs, layout_loops_ring,
          dreamdust_ecumenical_altar_statues, serial_rivers,
          chequers_serial_rivers_micro_a, chequers_serial_rivers_large_b,
          chequers_serial_rivers_room_b, chequers_serial_rivers_micro_e,
          chequers_serial_rivers_micro_d, dreamdust_wishing_well,
          nicolae_shop_vocational
D:2:      minmay_alternating_diamond, layout_rooms, basic_altar, uniq_robin
D:3:      layout_basic, bloody_makhleb, dk_xom_monty_hall

Skill      XL: |  1  2  3  4  5 |
---------------+----------------+-----
Unarmed Combat | 1 2 3 4 5 |  5.6
Fighting       | 1 2 |  2.1
Dodging        | |  1.7
Stealth        | |  2.1
Spellcasting   | |  1.7
Conjurations   | |  0.7
Fire Magic     | |  2.4

Action                   |  1- 3 |  4- 6 || total
-------------------------+-------+-------++-------
Melee: Unarmed           |   158 |   136 ||   294
       Punch             |     1 |     3 ||     4
  Use: Scroll            |     6 |     2 ||     8
       Potion            |       |     3 ||     3
Armor: Robe              |    19 |       ||    19
       Leather armour    |    15 |    25 ||    40
Dodge: Dodged            |    95 |    66 ||   161

Table legend:
 A = Non-vault XP
 B = Vault XP
 C = Vault XP percentage of total XP
 D = Non-vault monster count
 E = Vault monster count
 F = Vault count percentage of total count
                 A         B        C        D         E       F
            +---------+---------+-------+---------+---------+-------
      Total |     240 |      86 |  26.4 |      66 |      17 |  20.5
            +---------+---------+-------+---------+---------+-------
        D:1 |      55 |       4 |   6.8 |      32 |       2 |   5.9
        D:2 |      73 |      40 |  35.4 |      22 |      14 |  38.9
        D:3 |     112 |      42 |  27.3 |      12 |       1 |   7.7
            +---------+---------+-------+---------+---------+-------
